 Dungeon Crawl Stone Soup version 0.19.0-2-gae57169 (webtiles) character file.

930 sugabear the Ruffian (level 7, 0/63 HPs)
             Began as a Black Draconian Transmuter on Nov 5, 2016.
             Slain by a wyvern zombie (10 damage)
             ... on level 4 of the Dungeon.
             The game lasted 00:10:05 (5046 turns).

sugabear the Ruffian (Black Draconian Transmuter)   Turns: 5046, Time: 00:10:07

Health: 0/63       AC:  5    Str: 13    XL:     7   Next: 86%
Magic:  9/13       EV: 10    Int: 15    God:
Gold:   180        SH:  0    Dex: 11    Spells: 3 memorised, 6 levels left

rFire  x . .     SeeInvis .       - Unarmed
rCold  + + +     Gourm    .     (armour unavailable)
rNeg   . . .     Faith    .     (shield currently unavailable)
rPois  +         Spirit   .     (helmet currently unavailable)
rElec  .         Reflect  .     (cloak currently unavailable)
rCorr  .         Harm     .     (gloves currently unavailable)
MR     .....                    (boots currently unavailable)
Stlth  +++.......               z - amulet of magic regeneration
                                r - ring of stealth
                                g - ring of wizardry

@: ice-form
A: (breathe lightning), unfitting armour, (electricity resistance),
(cold-blooded), AC +6
a: End Transformation


You were on level 4 of the Dungeon.
You were hungry.
You were a creature of crystalline ice.
You visited 1 branch of the dungeon, and saw 4 of its levels.
You also visited: Sewer.

You collected 180 gold pieces.

Inventory:

Missiles
 a - 55 arrows
Armour
 j - a +0 pair of gloves (melded)
 u - a cursed +0 cloak (melded)
Jewellery
 g - a ring of wizardry (left front paw)
 i - a +3 amulet of reflection
 r - a ring of stealth (right front paw)
 s - an uncursed ring of protection from cold
 z - an amulet of magic regeneration (around neck)
Scrolls
 d - 7 scrolls of identify {unknown}
 e - a scroll of fog {unknown}
 m - 2 scrolls of random uselessness {unknown}
 o - a scroll of enchant armour {unknown}
 v - a scroll of fear {unknown}
 x - 2 scrolls of enchant weapon {unknown}
 y - a scroll of amnesia {unknown}
 B - a scroll of teleportation {unknown}
 E - a scroll of remove curse {unknown}
 G - a scroll of immolation {unknown}
Potions
 h - a potion of brilliance {unknown}
 k - a potion of lignification {unknown}
 l - 6 potions of heal wounds {unknown}
 n - a potion of mutation {unknown}
 p - 2 potions of flight {unknown}
 q - 2 potions of haste {unknown}
 t - a potion of magic {unknown}
 w - 3 potions of degeneration {unknown}
 A - 2 potions of curing {unknown}
Books
 b - a book of Changes

   Spells                             Type                      Level
   a - Beastly Appendage              Transmutation                1
   b - Sticks to Snakes               Transmutation                2
   c - Spider Form                    Transmutation/Poison         3
   d - Ice Form                       Ice/Transmutation            4
   e - Blade Hands                    Transmutation                5
Comestibles
 c - 4 bread rations
 f - 2 meat rations
 C - 2 slices of pizza
 D - 4 chunks of flesh
 F - a beef jerky


   Skills:
 + Level 1.8 Fighting
 + Level 2.9 Dodging
 + Level 2.2 Stealth
 + Level 5.6 Unarmed Combat
 + Level 4.1 Spellcasting
 + Level 3.9 Transmutations
 * Level 2.6 Ice Magic
 + Level 2.0 Poison Magic


You had 6 spell levels left.
You knew the following spells:

 Your Spells              Type           Power        Failure   Level  Hunger
a - Beastly Appendage     Tmut           ##....       1%          1    None
b - Spider Form           Tmut/Pois      ##........   9%          3    ###....
c - Ice Form              Ice/Tmut       ##......     26%         4    ####...


Dungeon Overview and Level Annotations

Branches:
Dungeon (4/15)
 Temple: D:4-7

Altars:


Innate Abilities, Weirdness & Mutations

((You can breathe wild blasts of lightning.))
((Your glossy black scales are hard. (AC +6)))
You cannot fit into any form of body armour.
((You are resistant to electric shocks. (rElec)))
((You are cold-blooded and may be slowed by cold attacks.))


Message History

You hit the wyvern zombie.
The wyvern zombie is lightly damaged.
The wyvern zombie bites you.
You hit the wyvern zombie.
The wyvern zombie is lightly damaged.
Your transformation has ended.
Your cursed +0 cloak unmelds from your body.
Your +0 pair of gloves unmelds from your body.
The wyvern zombie bites you. The wyvern zombie bites you!
* * * LOW HITPOINT WARNING * * *
You fail to use your ability.
The wyvern zombie misses you.
Okay, then.
Casting: Spider Form
Confirm with . or Enter, or press ? or * to list all spells.
You turn into a creature of crystalline ice.
Your cursed +0 cloak melds into your body.
Your +0 pair of gloves melds into your body.
You are feeling hungry.
The wyvern zombie bites you!
You die...

######## #......# ###
####.####.########### #.. #....#
#.##...$....# ###.. #....#
#.##........# #.... #....#
#.##.Z......## #.... #....#
#.##(.Y......# #.... ######.#
#.######'###+### ##### .......#
#.# #.##....# .####### #.#
#.##....# .#....#
###'######.##....########
.#....###...........+....+.......
.#......+......###.##....######.#
.#.######....(.###.##.)..# #.#
........+..)..>+....'....######.#


You could see a wyvern zombie.

Vanquished Creatures
  Eustachio (D:4)
  The ghost of Yore the Shield-Bearer, an amateur HuFi (D:3)
  2 ogres (D:4)
  A big kobold (Sewer)
  Blork the orc (D:4)
  3 orc wizards
  Jessica (D:3)
  An iguana (D:4)
  8 gnolls
  2 adders (D:3)
  2 river rats (Sewer)
  An ooze (D:1)
  A worm (D:4)
  2 dart slugs
  9 orcs
  7 giant cockroaches
  6 goblins
  5 hobgoblins
  11 jackals
  2 quokkas (D:3)
  15 bats
  5 frilled lizards
  13 kobolds
  10 rats
110 creatures vanquished.

Notes
Turn   | Place    | Note
-------+----------+-------------------------------------------
     0 | D:1      | sugabear the Draconian Transmuter began the quest for the Orb.
     0 | D:1      | Reached XP level 1. HP: 16/16 MP: 3/3
   240 | D:1      | Reached XP level 2. HP: 9/23 MP: 3/5
   939 | D:1      | Reached XP level 3. HP: 28/28 MP: 4/6
   947 | D:1      | Learned a level 3 spell: Spider Form
  1170 | D:1      | Reached skill level 4 in Unarmed Combat
  1393 | D:2      | Reached XP level 4. HP: 31/35 MP: 3/7
  1950 | D:2      | Reached skill level 1 in Poison Magic
  1992 | D:2      | HP: 1/35 [something/magic dart (5)]
  2685 | D:2      | Reached XP level 5. HP: 7/40 MP: 4/9
  2941 | D:2      | Learned a level 4 spell: Ice Form
  3229 | D:3      | Noticed Yore's ghost (amateur HuFi)
  3246 | D:3      | Reached skill level 1 in Stealth
  3375 | D:3      | Killed Yore's ghost
  3375 | D:3      | Reached skill level 1 in Ice Magic
  3375 | D:3      | Reached XP level 6. HP: 23/47 MP: 1/11
  3594 | D:3      | Found a glowing drain.
  3601 | Sewer    | Entered a sewer
  3866 | Sewer    | Found a white marble altar of Elyvilon.
  4042 | D:3      | Noticed Jessica
  4054 | D:3      | Killed Jessica
  4112 | D:3      | Reached skill level 5 in Unarmed Combat
  4155 | D:3      | Your scales start taking on a glossy black colour.
  4155 | D:3      | Reached XP level 7. HP: 53/53 MP: 4/12
  4155 | D:3      | Gained mutation: You are resistant to electric shocks. (rElec) [Black Draconian growth]
  4427 | D:4      | Noticed Blork the orc
  4440 | D:4      | Killed Blork the orc
  4519 | D:4      | Noticed Eustachio
  4537 | D:4      | Killed Eustachio
  5046 | D:4      | Slain by a wyvern zombie

Skill      XL: |  1  2  3  4  5  6  7 |
---------------+----------------------+-----
Dodging        | 2 |  2.9
Unarmed Combat | 4 5 |  5.6
Poison Magic   | 1 2 |  2.0
Spellcasting   | 3 4 |  4.1
Stealth        | 1 2 |  2.2
Transmutations | 3 |  3.9
Ice Magic      | 1 2 |  2.6
Fighting       | |  1.8

Action                   |  1- 3 |  4- 6 |  7- 9 || total
-------------------------+-------+-------+-------++-------
Melee: Unarmed           |   103 |   179 |    51 ||   333
       Tailslap          |     7 |     2 |     1 ||    10
       Headbutt          |     5 |       |       ||     5
       Kick              |     1 |       |       ||     1
 Cast: Beastly Appendage |    14 |       |       ||    14
       Spider Form       |     5 |    30 |     4 ||    39
       Ice Form          |       |     6 |     5 ||    11
 Abil: Breathe Lightning |       |       |     2 ||     2
       End Transformatio |       |       |     2 ||     2
 Stab: Sleeping          |       |     6 |     3 ||     9
       Distracted        |       |     1 |       ||     1
  Eat: Chunk             |     3 |     9 |     5 ||    17
       Fruit             |       |     5 |       ||     5
       Beef jerky        |       |     1 |       ||     1
Armor: Skin              |    31 |    38 |     9 ||    78
Dodge: Dodged            |    67 |   140 |    31 ||   238
Block: Other             |     5 |    10 |       ||    15
